TOP OF THE 1ST |
Panama City Piranhas batting - Pitching for Brooklyn Dodgers : RHP Eddie Kop
|
Pitching: RHP Eddie Kop
|
|
Batting: RHB Juan Jose Ayala
|
0-0: Called Strike 0-1: Swinging Strike 0-2: Ball 1-2: Ball 2-2: Strikes out swinging
|
Batting: RHB Baldomero Avino
|
0-0: Called Strike 0-1: Swinging Strike 0-2: Ball 1-2: Ball 2-2: Fly out, F5 (Popup, 5S)
|
Batting: LHB Sergio Muñóz
|
0-0: Ball 1-0: Foul Ball, location: 2F 1-1: Foul Ball, location: 2F 1-2: Strikes out swinging
|
Top of the 1st over - 0 runs, 0 hits, 0 errors, 0 left on base; Panama City 0 - Brooklyn 0 |
BOTTOM OF THE 1ST |
Brooklyn Dodgers batting - Pitching for Panama City Piranhas : RHP Luis Flores
|
Pitching: RHP Luis Flores
|
|
Batting: LHB Ki-tak Im
|
0-0: Ball 1-0: Foul Ball, location: 2F 1-1: Ball 2-1: Ball 3-1: Ground out U3 (Groundball, 3)
|
Batting: LHB Mysterious Walker
|
0-0: Ball 1-0: Ball 2-0: Swinging Strike 2-1: Ball 3-1: Foul Ball, location: 2F 3-2: Strikes out looking
|
Batting: LHB Jérôme Masson
|
0-0: SOLO HOME RUN (Flyball, 7D), Distance : 388 ft
|
Batting: LHB Manuel Carmona
|
0-0: Ball 1-0: Foul Ball, location: 2F 1-1: Ball 2-1: Ball 3-1: Called Strike 3-2: Foul Ball, location: 2F 3-2: Base on Balls
|
Batting: RHB Brent Ryan
|
0-0: Ground out 4-3 (Groundball, 6MD)
|
Bottom of the 1st over - 1 run, 1 hit, 0 errors, 1 left on base; Panama City 0 - Brooklyn 1 |
TOP OF THE 2ND |
Panama City Piranhas batting - Pitching for Brooklyn Dodgers : RHP Eddie Kop
|
Batting: RHB Cale Sutton
|
0-0: Swinging Strike 0-1: Ball 1-1: DOUBLE (Line Drive, 7LM)
|
Batting: LHB Jack Sutherland
|
0-0: Ball 1-0: Called Strike 1-1: Foul Ball, location: 2F 1-2: Fly out, F5 (Line Drive, 56)
|
Batting: RHB Andy Putman
|
0-0: Called Strike 0-1: Swinging Strike 0-2: Ball 1-2: Foul Ball, location: 2F 1-2: Fly out, F9 (Flyball, 9D) Runner from 2nd tags up, SAFE at 3rd, no throw
|
Batting: RHB Armando Alvarado
|
0-0: Ball 1-0: Foul Ball, location: 2F 1-1: Ball 2-1: Ball 3-1: Fly out, F7 (Flyball, 78S)
|
Top of the 2nd over - 0 runs, 1 hit, 0 errors, 1 left on base; Panama City 0 - Brooklyn 1 |
BOTTOM OF THE 2ND |
Brooklyn Dodgers batting - Pitching for Panama City Piranhas : RHP Luis Flores
|
Batting: RHB Ulbert Sutkamp
|
0-0: Called Strike 0-1: Ball 1-1: Foul Ball, location: 2F 1-2: Ball 2-2: Fly out, F8 (Flyball, 8LS)
|
Batting: SHB Juan Rivas
|
0-0: Called Strike 0-1: Ball 1-1: Foul Ball, location: 2F 1-2: Strikes out swinging
|
Batting: RHB Chandler Bailey
|
0-0: Ball 1-0: Ball 2-0: Called Strike 2-1: Called Strike 2-2: Foul Ball, location: 2F 2-2: Strikes out swinging
|
Bottom of the 2nd over - 0 runs, 0 hits, 0 errors, 0 left on base; Panama City 0 - Brooklyn 1 |
TOP OF THE 3RD |
Panama City Piranhas batting - Pitching for Brooklyn Dodgers : RHP Eddie Kop
|
Batting: RHB Fernando Silva
|
0-0: Ball 1-0: Called Strike 1-1: Ball 2-1: Swinging Strike 2-2: SINGLE (Line Drive, 7S)
|
Batting: RHB Darrell Terwey
|
0-0: Foul Ball, location: 2F 0-1: Called Strike 0-2: Ball 1-2: Strikes out swinging
|
Batting: RHB Juan Jose Ayala
|
0-0: Foul Ball, location: 2F 0-1: Swinging Strike 0-2: Grounds into double play, 6-4-3 (Groundball, 6)
|
Top of the 3rd over - 0 runs, 1 hit, 0 errors, 0 left on base; Panama City 0 - Brooklyn 1 |
BOTTOM OF THE 3RD |
Brooklyn Dodgers batting - Pitching for Panama City Piranhas : RHP Luis Flores
|
Batting: RHB Vincent Crane
|
0-0: Ball 1-0: Fly out, F8 (Flyball, 89D)
|
Batting: LHB Ki-tak Im
|
0-0: Called Strike 0-1: Ball 1-1: Fly out, F8 (Flyball, 8RS)
|
Batting: LHB Mysterious Walker
|
0-0: Ball 1-0: Called Strike 1-1: Foul Ball, location: 2F 1-2: Ball 2-2: Foul Ball, location: 2F 2-2: Ball 3-2: Fly out, F9 (Flyball, 9S)
|
Bottom of the 3rd over - 0 runs, 0 hits, 0 errors, 0 left on base; Panama City 0 - Brooklyn 1 |
TOP OF THE 4TH |
Panama City Piranhas batting - Pitching for Brooklyn Dodgers : RHP Eddie Kop
|
Batting: RHB Baldomero Avino
|
0-0: Fly out, F9 (Flyball, 9S)
|
Batting: LHB Sergio Muñóz
|
0-0: Called Strike 0-1: Swinging Strike 0-2: Ball 1-2: Foul Ball, location: 2F 1-2: Fly out, F2 (Popup, 5SF)
|
Batting: RHB Cale Sutton
|
0-0: Ball 1-0: Called Strike 1-1: Ball 2-1: Foul Ball, location: 2F 2-2: Fly out, F5 (Popup, 5SF)
|
Top of the 4th over - 0 runs, 0 hits, 0 errors, 0 left on base; Panama City 0 - Brooklyn 1 |
BOTTOM OF THE 4TH |
Brooklyn Dodgers batting - Pitching for Panama City Piranhas : RHP Luis Flores
|
Batting: LHB Jérôme Masson
|
0-0: Called Strike 0-1: Ball 1-1: Called Strike 1-2: Strikes out looking
|
Batting: LHB Manuel Carmona
|
0-0: Ball 1-0: Foul Ball, location: 2F 1-1: Ground out 4-3 (Groundball, 34D)
|
Batting: RHB Brent Ryan
|
0-0: Ball 1-0: Called Strike 1-1: Foul Ball, location: 2F 1-2: Ball 2-2: SINGLE (Groundball, 4S) (infield hit)
|
Batting: RHB Ulbert Sutkamp
|
0-0: Called Strike 0-1: Ground out 6-3 (Groundball, 6)
|
Bottom of the 4th over - 0 runs, 1 hit, 0 errors, 1 left on base; Panama City 0 - Brooklyn 1 |
TOP OF THE 5TH |
Panama City Piranhas batting - Pitching for Brooklyn Dodgers : RHP Eddie Kop
|
Batting: LHB Jack Sutherland
|
0-0: Called Strike 0-1: Called Strike 0-2: Ground out 5-3 (Groundball, 5L)
|
Batting: RHB Andy Putman
|
0-0: Fly out, F7 (Flyball, 7S)
|
Batting: RHB Armando Alvarado
|
0-0: Called Strike 0-1: Foul Ball, location: 2F 0-2: Ball 1-2: Ball 2-2: Ground out 5-3 (Groundball, 5L)
|
Top of the 5th over - 0 runs, 0 hits, 0 errors, 0 left on base; Panama City 0 - Brooklyn 1 |
BOTTOM OF THE 5TH |
Brooklyn Dodgers batting - Pitching for Panama City Piranhas : RHP Luis Flores
|
Batting: SHB Juan Rivas
|
0-0: Called Strike 0-1: Ground out 4-3 (Groundball, 4)
|
Batting: RHB Chandler Bailey
|
0-0: Ball 1-0: Called Strike 1-1: Ground out 4-3 (Groundball, 34)
|
Batting: RHB Vincent Crane
|
0-0: Ball 1-0: Fly out, F9 (Flyball, 9LS)
|
Bottom of the 5th over - 0 runs, 0 hits, 0 errors, 0 left on base; Panama City 0 - Brooklyn 1 |
TOP OF THE 6TH |
Panama City Piranhas batting - Pitching for Brooklyn Dodgers : RHP Eddie Kop
|
Batting: RHB Fernando Silva
|
0-0: Foul Ball, location: 2F 0-1: Fly out, F2 (Popup, 3SF)
|
Batting: RHB Darrell Terwey
|
0-0: Called Strike 0-1: Swinging Strike 0-2: Ball 1-2: Foul Ball, location: 2F 1-2: Fly out, F8 (Flyball, 8LM)
|
Batting: RHB Juan Jose Ayala
|
0-0: Ball 1-0: Foul Ball, location: 2F 1-1: Ball 2-1: Foul Ball, location: 2F 2-2: Strikes out looking
|
Top of the 6th over - 0 runs, 0 hits, 0 errors, 0 left on base; Panama City 0 - Brooklyn 1 |
BOTTOM OF THE 6TH |
Brooklyn Dodgers batting - Pitching for Panama City Piranhas : RHP Luis Flores
|
Batting: LHB Ki-tak Im
|
0-0: Ball 1-0: Foul Ball, location: 2F 1-1: Ball 2-1: SINGLE (Line Drive, 9LS)
|
Batting: LHB Mysterious Walker
|
0-0: Called Strike 0-1: Ball 1-1: Called Strike 1-2: Ball 2-2: Foul Ball, location: 2F 2-2: Foul Ball, location: 2F 2-2: Strikes out swinging
|
Batting: LHB Jérôme Masson
|
0-0: Foul Ball, location: 2F 0-1: Ball 1-1: Ball 2-1: Ball 3-1: Foul Ball, location: 2F 3-2: Foul Ball, location: 2F 3-2: Foul Ball, location: 2F 3-2: Fly out, F7 (Flyball, 7S)
|
Batting: LHB Manuel Carmona
|
0-0: Foul Ball, location: 2F 0-1: Foul Ball, location: 2F 0-2: Ball 1-2: Ball 2-2: Ball 3-2: Fly out, F3 (Popup, 3)
|
Bottom of the 6th over - 0 runs, 1 hit, 0 errors, 1 left on base; Panama City 0 - Brooklyn 1 |
TOP OF THE 7TH |
Panama City Piranhas batting - Pitching for Brooklyn Dodgers : RHP Eddie Kop
|
Batting: RHB Baldomero Avino
|
0-0: Ball 1-0: Ball 2-0: Called Strike 2-1: Foul Ball, location: 2F 2-2: Fly out, F8 (Flyball, 8LM)
|
Batting: LHB Sergio Muñóz
|
0-0: Foul Ball, location: 2F 0-1: Ground out 5-3 (Groundball, 56)
|
Batting: RHB Cale Sutton
|
0-0: Called Strike 0-1: Ball 1-1: Called Strike 1-2: Ball 2-2: Ball 3-2: Fly out, F8 (Flyball, 8RD)
|
Top of the 7th over - 0 runs, 0 hits, 0 errors, 0 left on base; Panama City 0 - Brooklyn 1 |
BOTTOM OF THE 7TH |
Brooklyn Dodgers batting - Pitching for Panama City Piranhas : RHP Luis Flores
|
Batting: RHB Brent Ryan
|
0-0: Called Strike 0-1: Called Strike 0-2: Ball 1-2: Strikes out swinging
|
Batting: RHB Ulbert Sutkamp
|
0-0: Ball 1-0: SINGLE (Groundball, 3D)
|
Batting: SHB Juan Rivas
|
0-0: Ball 1-0: Called Strike Ulbert Sutkamp steals 2nd base 1-1: Intentional Walk
|
Pitching: LHP Alfonso Zapata
|
|
Batting: RHB Chandler Bailey
|
0-0: Called Strike 0-1: Swinging Strike 0-2: Strikes out swinging
|
Batting: RHB Vincent Crane
|
0-0: Fly out, F6 (Popup, 4M)
|
Bottom of the 7th over - 0 runs, 1 hit, 0 errors, 2 left on base; Panama City 0 - Brooklyn 1 |
TOP OF THE 8TH |
Panama City Piranhas batting - Pitching for Brooklyn Dodgers : RHP Eddie Kop
|
Batting: LHB Jack Sutherland
|
0-0: Swinging Strike 0-1: Foul Ball, location: 2F 0-2: Ball 1-2: Foul Ball, location: 2F 1-2: Ball 2-2: SINGLE (Line Drive, 78S)
|
Batting: RHB Andy Putman
|
0-0: Ball 1-0: Ball 2-0: Sac Bunt - play at first, batter OUT! 1-4 Jack Sutherland to second
|
Batting: RHB Armando Alvarado
|
0-0: Called Strike 0-1: Ball 1-1: Fly out, F9 (Flyball, 9)
|
Batting: RHB Fernando Silva
|
0-0: Foul Ball, location: 2F 0-1: Ball 1-1: Ball 2-1: Ball 3-1: Ground out 5-3 (Groundball, 5S)
|
Top of the 8th over - 0 runs, 1 hit, 0 errors, 1 left on base; Panama City 0 - Brooklyn 1 |
BOTTOM OF THE 8TH |
Brooklyn Dodgers batting - Pitching for Panama City Piranhas : LHP Alfonso Zapata
|
Batting: LHB Ki-tak Im
|
0-0: Called Strike 0-1: Fly out, F7 (Flyball, 7S)
|
Batting: LHB Mysterious Walker
|
0-0: Called Strike 0-1: Foul Ball, location: 2F 0-2: Ball 1-2: Foul Ball, location: 2F 1-2: Strikes out swinging
|
Batting: LHB Jérôme Masson
|
0-0: Called Strike 0-1: SINGLE (Groundball, 4D)
|
Batting: LHB Manuel Carmona
|
0-0: Called Strike 0-1: Ball 1-1: Foul Ball, location: 2F 1-2: Strikes out swinging
|
Bottom of the 8th over - 0 runs, 1 hit, 0 errors, 1 left on base; Panama City 0 - Brooklyn 1 |
TOP OF THE 9TH |
Panama City Piranhas batting - Pitching for Brooklyn Dodgers : RHP Eddie Kop
|
Pinch Hitting: SHB Tsing Guao
|
0-0: Foul Ball, location: 2F 0-1: Called Strike 0-2: Ball 1-2: Ground out 4-3 (Groundball, 34)
|
Batting: RHB Juan Jose Ayala
|
0-0: Ball 1-0: Ball 2-0: Called Strike 2-1: Ball 3-1: Foul Ball, location: 2F 3-2: SINGLE (Flyball, 7LS)
|
Pitching: LHP Sjaak Bonne
|
|
Batting: RHB Baldomero Avino
|
0-0: Called Strike 0-1: Swinging Strike 0-2: Ball 1-2: Strikes out swinging
|
Batting: LHB Sergio Muñóz
|
0-0: Called Strike 0-1: Foul Ball, location: 2F 0-2: Strikes out swinging
|
Top of the 9th over - 0 runs, 1 hit, 0 errors, 1 left on base; Panama City 0 - Brooklyn 1 |
|